AoeStats
← sjarobinson1

Arabia

504153830Analyzed
1v1 RM · 27d ago on Sep 4, 2026· 45m 58s· 2 players
Game mode
Random Map
Map size
Tiny (2 player)
Population
200
Speed
Normal
Resources
Standard
Victory
Conquest
Starting age
Dark Age
Ending age
Imperial Age
RankedLock teamsTeams togetherTeam positionsShared explorationLock speedFull tech treeHidden civsTurbo modeCheats
Victory
Defeat
🇹🇼 Ethiopians · Taiwan
740
+14
🇦🇺 Magyars · Australia
688
-30
a0986101524
10:58 Feudal Age
15:30 Castle Age
15:59 Crossbowman
16:36 Fletching
17:21 Padded Archer Armor
18:09 Double-Bit Axe
19:49 Thumb Ring
21:30 Bow Saw
23:48 Forging
23:38 Scale Mail Armor
23:54 Leather Archer Armor
25:20 Horse Collar
29:23 Ballistics
28:59 Murder Holes
30:56 Squires
30:42 Arson
30:57 Gold Mining
30:57 Stone Mining
32:09 Loom
32:59 Wheelbarrow
32:10 Town Watch
33:18 Bodkin Arrow
38:18 Imperial Age
40:16 Two-Man Saw
39:22 Heavy Plow
39:59 Iron Casting
39:40 Chain Mail Armor
41:03 Arbalester
43:10 Gold Shaft Mining
43:11 Stone Shaft Mining
43:40 Bracer
43:59 Hand Cart
43:45 Town Patrol
sjarobinson1
2:04 Loom
8:16 Loom
10:56 Feudal Age
16:16 Double-Bit Axe
19:07 Castle Age
19:57 Scale Barding Armor
25:59 Wheelbarrow
26:24 Fletching
28:48 Man-at-Arms
33:14 Gold Mining
36:40 Hand Cart
Connection lost

Rejoining the realm…

Still unreachable

The connection could not be restored.

Session expired

The server has moved on; the page needs a fresh start.